 Dungeon Crawl Stone Soup version 0.26-a0-835-g8259106e14 (webtiles) character file.

Game seed: 8211338320333760986

7791 ringo67 the Grappler (level 11, -2/109 HPs)
             Began as a Troll Monk on Nov 17, 2020.
             Was an Elder of Ru.
             Incinerated by a smoke demon (9 damage)
             ... with a sticky flame
             ... on level 1 of the Abyss.
             The game lasted 00:29:01 (9491 turns).

ringo67 the Grappler (Troll Monk)                   Turns: 9491, Time: 00:29:02

Health: -2/109     AC:  8    Str: 24    XL:     11   Next: 1%
Magic:  10/10      EV: 13    Int:  6    God:    Ru [****..]
Gold:   743        SH:  0    Dex: 12    Spells: 10/10 levels left

rFire    . . .     SeeInvis .     - Unarmed
rCold    x . .     Faith    .   (no shield)
rNeg     . . .     Spirit   .   B - +2 robe {rF+}
rPois    +         Reflect  .   (helmet restricted)
rElec    .         Harm     .   n - scarf {shadows}
rCorr    .         Rampage  .   (gloves unavailable)
MR       .....                  (boots unavailable)
Stlth    ..........             (no amulet)
HPRegen  0.68/turn              t - ring of poison resistance
MPRegen  0.12/turn              J - ring of stealth

@: liquid flames, about to teleport, glowing
A: large, unfitting armour, claws 3, regeneration 1, shaggy fur 1, tough skin 3,
no stealth, no earth magic, no necromancy magic, no transmutations magic,
temperature sensitive
a: Draw Out Power, Power Leap, Renounce Religion


You were on level 1 of the Abyss.
You worshipped Ru.
Ru was greatly pleased with you.
You visited 2 branches of the dungeon, and saw 11 of its levels.
You visited the Abyss 1 time.

You collected 743 gold pieces.

Inventory:

Hand Weapons
 D - the +10 great mace of Qazlal {pain, +Blink Str+4 Dex-3}
   (You found it on level 9 of the Dungeon)

   In the hands of one skilled in necromantic magic, it inflicts extra damage on
   living creatures.
   It affects your strength (+4).
   It affects your dexterity (-3).
   It lets you blink.
Missiles
 e - 22 poisoned darts
 k - 5 atropa-tipped darts
 l - 427 stones
 v - 4 large rocks
 y - a throwing net (quivered)
Armour
 n - a scarf of shadows (worn)
 u - a +0 cloak
 z - a +2 robe of magic resistance
 B - a +2 robe of fire resistance (worn)
Jewellery
 f - an uncursed ring of ice
 t - a ring of poison resistance (left claw)
 J - a ring of stealth (right claw)
 M - a +6 ring of strength
Wands
 a - a wand of enslavement (4)
 o - a wand of polymorph (11)
 p - a wand of iceblast (21)
 w - a wand of flame (23)
 C - a wand of random effects (14)
 E - a wand of acid (11)
Scrolls
 b - 4 scrolls of remove curse
 c - a scroll of teleportation
 i - 5 scrolls of identify
 F - 2 scrolls of summoning {unknown}
 G - 2 scrolls of amnesia
 L - a scroll of brand weapon {unknown}
Potions
 d - 5 potions of curing
 g - a potion of berserk rage
 j - 2 potions of invisibility
 m - 2 potions of ambrosia
 q - 3 potions of lignification
 r - 6 potions of brilliance
 s - a potion of heal wounds
 x - 2 potions of mutation
 A - 5 potions of flight
 H - a potion of degeneration {unknown}
 I - 2 potions of cancellation {unknown}
 K - a potion of might {unknown}


   Skills:
 + Level 7.0 Fighting
 + Level 6.1 Throwing
 + Level 7.0 Dodging
 * Level 11.4 Unarmed Combat


You had 10 spell levels left.
You didn't know any spells.
Your spell library contained the following spells:

 Spells                   Type           Power        Failure   Level
 Corona                   Hex            #......      45%         1
 Slow                     Hex            #.......     58%         2
 Inner Flame              Hex/Fire       #.......     83%         3
 Portal Projectile        Hex/Tloc       #.....       83%         3
 Cause Fear               Hex            #.........   99%         4
 Leda's Liquefaction      Hex/Erth       Unusable     N/A         4

Dungeon Overview and Level Annotations

Branches:
Dungeon (10/15)            Temple (1/1) D:6             Orc (0/2) D:9
   Lair: D:8-11

Altars:
Ashenzari
Cheibriados
Dithmenos
Elyvilon
Fedhas
Gozag
Hepliaklqana
Kikubaaqudgha
Makhleb
Nemelex Xobeh
Okawaru
Qazlal
Ru
Sif Muna
Trog
Uskayaw
Vehumet
Wu Jian
Xom
Yredelemnul
Zin
The Shining One

Shops:
D:8 *}

Annotations:
D:6 3 runed translucent doors, delverdan's ghost, novice NaHu
D:10 3 runed translucent doors, Sonja


Innate Abilities, Weirdness & Mutations

You are too large for most types of armour.
You have claws for hands.
Your natural rate of healing is unusually fast.
You are covered in fur. (AC +1)
You have extremely tough skin. (AC +3)
You cannot be stealthy.
You cannot study or cast Earth magic.
You cannot study or cast Necromancy magic.
You cannot study or cast Transmutations magic.
You are sensitive to extremes of temperature. (rF-, rC-)


Message History

* * * LOW HITPOINT WARNING * * *
You focus your will and blind the smoke demon in retribution!
You are covered in liquid flames!
* * * LOW HITPOINT WARNING * * *
The death knight's dark mirror aura disappears.
You see here a leather armour.
You are covered in liquid flames!
* * * LOW HITPOINT WARNING * * *
The death knight seems to regain its courage.
You are covered in liquid flames!
* * * LOW HITPOINT WARNING * * *
The smoke demon is no longer blind.
The death knight begins to pray, but is stunned by your will!
You are covered in liquid flames!
* * * LOW HITPOINT WARNING * * *
The smoke demon gestures at you. Something smites you!
* * * LOW HITPOINT WARNING * * *
You are covered in liquid flames!
You die...

..# ## ##..###.##
..#...#.# ## .
##.....##### #..##
##......#...#.....#
#...#...3.p...##..
#@...[#...#.##.
#..#5#.#.### ##.#
#..#.#######. #. ##
####..... ......#.
###.## ##.## ....
.# ### .## # .#
.#.# # # ##. # #3 #
##


You could see a smoke demon and a white imp.

Vanquished Creatures
  Harold (D:8)
  Erica (D:8)
  A two-headed ogre (D:8)
  A necromancer (D:10)
  A deep elf mage (D:9)
  Psyche (D:8)
  Prince Ribbit (D:5)
  A troll (D:9)
  Sigmund (D:3)
  6 yaks (D:9)
  Edmund (D:5)
  A water moccasin (D:6)
  2 ice beasts
  An orc warrior (D:8)
  2 sky beasts (D:9)
  A black bear (D:9)
  A small abomination (Abyss:1)
  6 ogres
  A necrophage (D:8)
  A centaur (D:5)
  A big kobold (D:8)
  8 bullfrogs
  A scorpion (D:8)
  A killer bee (D:9)
  2 hounds (D:6)
  A jelly (D:10)
  6 orc priests
  5 orc wizards
  A bullfrog skeleton (D:9)
  Crazy Yiuf (D:3)
  A centaur skeleton (D:5)
  A centaur zombie (D:9)
  Ijyb (D:3)
  4 iguanas
  11 worker ants
  Terence (D:2)
  5 yak simulacra (D:10)
  A polar bear simulacrum (D:10)
  3 wolf simulacra (D:10)
  2 hound skeletons
  4 gnolls
  2 worker ant zombies
  7 adders
  2 shadow imps
  A white imp (D:9)
  2 ufetubi
  3 oozes
  2 adder skeletons
  A worm (D:4)
  A dart slug (D:4)
  4 leopard geckos
  39 orcs
  2 ball pythons
  6 bats
  6 giant cockroaches
  12 goblins
  11 hobgoblins
  4 jackals (D:6)
  10 kobolds
  3 quokkas
  4 frilled lizards
  A giant cockroach zombie (D:6)
  4 rats (D:2)
  2 river rat simulacra (D:10)
222 creatures vanquished.

Vanquished Creatures (others)
  A fungus (D:3)
1 creature vanquished.

Grand Total: 223 creatures vanquished

Notes
Turn   | Place    | Note
-------+----------+-------------------------------------------
     0 | D:1      | ringo67 the Troll Monk began the quest for the Orb.
     0 | D:1      | Reached XP level 1. HP: 22/22 MP: 0/0
   112 | D:1      | Reached XP level 2. HP: 26/29 MP: 1/1
   758 | D:2      | Reached XP level 3. HP: 36/36 MP: 2/2
   839 | D:2      | Noticed Terence
   927 | D:2      | Killed Terence
   928 | D:2      | Reached skill level 4 in Unarmed Combat
   928 | D:2      | Reached XP level 4. HP: 35/44 MP: 3/3
  1055 | D:2      | Found a shimmering altar of Xom.
  1055 | D:2      | Found an ancient bone altar of Kikubaaqudgha.
  1057 | D:2      | Found a hide-covered altar of Uskayaw.
  1057 | D:2      | Found a shimmering blue altar of Sif Muna.
  1059 | D:2      | Found an ornate altar of the Wu Jian Council.
  1530 | D:3      | Noticed Sigmund
  1532 | D:3      | Found a shimmering altar of Xom.
  1538 | D:3      | Killed Sigmund
  1539 | D:3      | Reached skill level 5 in Unarmed Combat
  1539 | D:3      | Reached XP level 5. HP: 53/53 MP: 4/4
  1600 | D:3      | Reached XP level 6. HP: 61/61 MP: 5/5
  1893 | D:3      | Noticed Ijyb
  1903 | D:3      | Killed Ijyb
  2237 | D:3      | Found a runed translucent door.
  2238 | D:3      | Noticed Crazy Yiuf
  2243 | D:3      | Killed Crazy Yiuf
  2246 | D:3      | You fall into a shaft and drop 2 floors!
  2246 | D:5      | Entered Level 5 of the Dungeon
  2248 | D:5      | Noticed an ice beast
  2957 | D:4      | Reached skill level 6 in Unarmed Combat
  3029 | D:4      | Reached XP level 7. HP: 68/68 MP: 6/6
  3842 | D:5      | Reached skill level 1 in Throwing
  3890 | D:5      | Found an iron altar of Okawaru.
  4071 | D:5      | Reached skill level 7 in Unarmed Combat
  4146 | D:5      | Noticed Edmund
  4147 | D:5      | Noticed Prince Ribbit
  4165 | D:5      | Killed Edmund
  4166 | D:5      | Reached XP level 8. HP: 56/79 MP: 7/7
  4550 | D:5      | Killed Prince Ribbit
  4625 | D:6      | Found a burning altar of Makhleb.
  4762 | D:6      | Reached skill level 8 in Unarmed Combat
  4812 | D:6      | Reached skill level 5 in Fighting
  4812 | D:6      | Reached skill level 5 in Dodging
  5254 | D:6      | Found a runed translucent gate.
  5254 | D:6      | Found a runed translucent gate.
  5254 | D:6      | Found a runed translucent gate.
  5257 | D:6      | Noticed delverdan's ghost (novice NaHu)
  5275 | D:6      | Found a staircase to the Ecumenical Temple.
  5283 | Temple   | Entered the Ecumenical Temple
  5362 | Temple   | Became a worshipper of Ru the Awakened
  5372 | D:6      | Gained mutation: You are sensitive to extremes of
                  | temperature. (rF-, rC-) [Ru sacrifice]
  5372 | D:6      | Reached * piety under Ru
  5372 | D:6      | Reached ** piety under Ru
  5372 | D:6      | Reached *** piety under Ru
  5393 | D:6      | Identified the +5 great sword "Niehoha" {spect, Str+5}
  5394 | D:6      | Identified the +5 great sword "Niehoha" {spect, Str+5}
  5455 | D:6      | Reached XP level 9. HP: 78/88 MP: 8/8
  6157 | D:8      | Noticed Erica
  6157 | D:8      | Noticed Harold
  6165 | D:8      | Killed Erica
  6166 | D:8      | Reached skill level 9 in Unarmed Combat
  6180 | D:8      | Killed Harold
  6318 | D:8      | Found Peecoat's Gadget Shop.
  6429 | D:8      | Noticed a two-headed ogre
  6455 | D:8      | Killed a two-headed ogre
  6456 | D:8      | Reached skill level 10 in Unarmed Combat
  6456 | D:8      | Reached XP level 10. HP: 90/98 MP: 9/9
  6631 | D:8      | Found Ypiabioh's Assorted Antiques.
  6747 | D:8      | Reached skill level 5 in Throwing
  6804 | D:8      | Noticed Psyche
  6808 | D:8      | Gained mutation: You cannot study or cast Earth magic. [Ru
                  | sacrifice]
  6808 | D:8      | Gained mutation: You cannot study or cast Transmutations
                  | magic. [Ru sacrifice]
  6808 | D:8      | Gained mutation: You cannot study or cast Necromancy magic.
                  | [Ru sacrifice]
  6808 | D:8      | Reached **** piety under Ru
  6819 | D:8      | Killed Psyche
  6861 | D:8      | Found a stormy altar of Qazlal.
  7790 | D:9      | Found a staircase to the Orcish Mines.
  7851 | D:9      | Got an encrusted great mace
  7852 | D:9      | Identified the +10 great mace of Qazlal {pain, +Blink Str+4
                  | Dex-3} (You found it on level 9 of the Dungeon)
  8056 | D:9      | Noticed a deep elf mage
  8145 | D:9      | Killed a deep elf mage
  8146 | D:9      | Reached skill level 11 in Unarmed Combat
  8689 | D:10     | Entered Level 10 of the Dungeon
  8886 | D:10     | Noticed a necromancer
  8893 | D:10     | Killed a necromancer
  9097 | D:10     | Reached XP level 11. HP: 109/109 MP: 10/10
  9125 | D:10     | Gained mutation: You cannot be stealthy. [Ru sacrifice]
  9179 | D:10     | Found a runed translucent gate.
  9179 | D:10     | Found a runed translucent gate.
  9180 | D:10     | Found a runed translucent gate.
  9181 | D:10     | Noticed a brown ugly thing
  9181 | D:10     | Noticed a green ugly thing
  9182 | D:10     | Noticed a cyan very ugly thing
  9182 | D:10     | Noticed a white ugly thing
  9324 | D:10     | Noticed Sonja
  9326 | D:10     | Cast into level 1 of the Abyss (Sonja)
  9346 | Abyss:1  | Found a corrupted altar of Lugonu.
  9461 | Abyss:1  | Noticed a death knight
  9491 | Abyss:1  | Incinerated by a smoke demon

Illustrated notes

Levels and vault maps discovered:
D:1:      dpeg_arrival_boxorama, layout_loops_ring
D:2:      layout_loops_cross, grunt_temple_overflow_open, uniq_terence
D:3:      layout_loops_ring, xom_teletrap_fun, uniq_sigmund, uniq_ijyb,
          uniq_crazy_yiuf_cottage
D:4:      layout_loops_ring, chequers_serial_rivers_micro_a
D:5:      layout_basic, okawaru_altar_gauntlet_db, uniq_edmund,
          uniq_prince_ribbit1
D:6:      layout_cave_pods, minmay_temple_entry_poolview,
          biasface_ghost_orc_armoury, minmay_misc_feat_nine_boxes,
          makhleb_heckhound_becter
D:7:      layout_loops_ring, kennysheep_doodads
D:8:      layout_basic, kennysheep_little_box, serial_shops, shop, shop,
          uniq_erica, uniq_harold, uniq_psyche
D:9:      layout_irregular_city, hiddenorc1_lemuel,
          minmay_fractal_squares_gapless_7
D:10:     layout_cave_pools, ploomutoo_gammafunk_ghost_potion_laboratory,
          eino_house_with_fridge, uniq_sonja
Temple:   nicolae_temple_great_sept
Abyss:1:  base:
D:4

Skill      XL: |  1  2  3  4  5  6  7  8  9 10 11 |
---------------+----------------------------------+-----
Unarmed Combat | 4 5 6 7 8 10 11 | 11.4
Fighting       | 3 4 5 6 7 |  7.0
Dodging        | 3 4 5 6 7 |  7.0
Throwing       | 2 3 4 6 |  6.1
Stealth        | 0 |  0.0

Action                   |  1- 3 |  4- 6 |  7- 9 | 10-12 || total
-------------------------+-------+-------+-------+-------++-------
Melee: Unarmed           |    88 |   136 |   187 |   227 ||   638
       Punch             |       |     1 |     4 |    10 ||    15
Throw: Dart              |     2 |     2 |    24 |    10 ||    38
       Large rock        |       |       |     5 |       ||     5
       Throwing net      |       |       |     1 |     1 ||     2
Invok: Sacrifice Resista |       |       |     1 |       ||     1
       Sacrifice Arcana  |       |       |       |     1 ||     1
       Sacrifice Stealth |       |       |       |     1 ||     1
  Use: Scroll            |       |     9 |     3 |     9 ||    21
       Potion            |       |       |       |     1 ||     1
 Stab: Sleeping          |     3 |     4 |     2 |     2 ||    11
       Distracted        |       |       |       |     3 ||     3
       Invisible         |       |       |       |     1 ||     1
Armor: Robe              |    29 |    28 |    46 |    50 ||   153
Dodge: Dodged            |    42 |    65 |   105 |   104 ||   316

Table legend: (Time is in decaauts)
 A = Elapsed time spent in this place.
 B = Non-inter-level travel time spent in this place.
 C = Inter-level travel time spent in this place.
 D = Time resting spent in this place.
 E = Time spent auto-exploring this place.
 F = Levels seen in this place.
 G = Mean time per level.
                   A        B        C        D        E       F      G
               +--------+--------+--------+--------+--------+-----+--------+
         Total |   9403 |   8834 |    569 |    642 |   5904 |  12 |  783.6 |
       Dungeon |   9152 |   8590 |    562 |    642 |   5872 |  10 |  915.2 |
        Temple |     87 |     80 |      7 |      0 |     32 |   1 |   87.0 |
         Abyss |    163 |    163 |      0 |      0 |      0 |   1 |  163.0 |
               +--------+--------+--------+--------+--------+-----+--------+

Top non-repeatable levels by time:
     D:8: 1385 daAuts
     D:4: 1084 daAuts
     D:3: 1062 daAuts
     D:9: 1059 daAuts
     D:5: 1014 daAuts
     D:6: 896 daAuts
     D:1: 745 daAuts
     D:2: 655 daAuts
    D:10: 627 daAuts
     D:7: 620 daAuts
 Abyss:1: 163 daAuts
  Temple: 87 daAuts
